 Dungeon Crawl Stone Soup version 0.29.1 (webtiles) character file.

Game seed: 2017954990263958936

18 mtoz the Shield-Bearer (level 2, 0/27 HPs)
             Began as a Minotaur Fighter on Sept 14, 2022.
             Succumbed to a kobold's poison
             ... on level 1 of the Dungeon.
             The game lasted 00:00:25 (271 turns).

mtoz the Shield-Bearer (Minotaur Fighter)            Turns: 271, Time: 00:00:26

Health: 0/27       AC:  7    Str: 20    XL:     2   Next: 51%
Magic:  1/1        EV:  9    Int:  5    God:
Gold:   9          SH:  4    Dex:  9    Spells: 1/1 levels left

rFire   . . .      SeeInvis .   a - +0 war axe
rCold   . . .      Faith    .   c - +0 buckler
rNeg    . . .      Spirit   .   b - +0 scale mail
rPois   .          Reflect  .   (helmet restricted)
rElec   .          Harm     .   (no cloak)
rCorr   .          Rampage  .   (no gloves)
Will    .....                   (no boots)
Stlth   ..........              (no amulet)
HPRegen 0.09/turn               (no ring)
MPRegen 0.07/turn               (no ring)

@: lethally poisoned (0 -> -11)
A: horns 2, retaliatory headbutt
a: no special abilities


You were on level 1 of the Dungeon.
You visited 1 branch of the dungeon, and saw 1 of its levels.

You collected 9 gold pieces.

Inventory:

Hand Weapons
 a - a +0 war axe (weapon)
Armour
 b - a +0 scale mail (worn)
 c - a +0 buckler (worn)
Scrolls
 e - a scroll of teleportation {unknown}
 f - 3 scrolls of noise {unknown}
Potions
 d - a potion of might


   Skills:
 + Level 3.9 Fighting
 + Level 2.8 Axes
 + Level 3.9 Armour
 + Level 3.9 Shields


You had one spell level left.
You didn't know any spells.
Your spell library was empty.

Dungeon Overview and Level Annotations

Branches:
Dungeon (1/15)

Altars:


Innate Abilities, Weirdness & Mutations

You have a pair of horns on your head.
You reflexively headbutt those who attack you in melee.


Message History

The kobold is wielding a +0 dagger of venom.
The kobold shouts!
The endoplasm quivers.
You hear a shout!
You see here a scroll labelled GOARIAR SUQOVI.
Found a whip.
You closely miss the hobgoblin. Your headbutt misses the hobgoblin.
The hobgoblin hits you but does no damage.
A hobgoblin comes into view.
The hobgoblin misses you.
You closely miss the kobold.
The hobgoblin shouts!
Your headbutt misses the kobold. You slash the hobgoblin!
You kill the hobgoblin!
You barely miss the endoplasm. The endoplasm closely misses you.
The kobold hits you but does no damage.
You are poisoned.
You closely miss the kobold. You slash the endoplasm!
You kill the endoplasm!
You feel very sick. The kobold hits you but does no damage.
You are more poisoned.
The kobold hits you with a +0 dagger of venom.
You are lethally poisoned!
You closely miss the kobold.
You feel extremely sick.
The kobold hits you with a +0 dagger of venom.
You are too injured to fight recklessly!
You are too injured to fight recklessly!
You barely miss the kobold. You headbutt the kobold.
You kill the kobold!
* * * LOW HITPOINT WARNING * * *
You feel extremely sick.
A frilled lizard comes into view.
The hobgoblin hits you but does no damage.
You slash the hobgoblin!
You kill the hobgoblin!
* * * LOW HITPOINT WARNING * * *
You feel very sick.
You die...

############ ####
.......... ... #...)#...
.. ##+##......##### ####
#...............#....
#............##.#.###
#.....?.......#.#
#...@...(†........###
#..)..........#......
#....................
#...........#########
......................
.).#............###.####
................##..#
#...............#..#####
...########...(..##....


There were no monsters in sight!

Vanquished Creatures
  A dart slug (D:1)
  2 ball pythons (D:1)
  4 endoplasms (D:1)
  A giant cockroach (D:1)
  3 hobgoblins (D:1)
  A quokka (D:1)
  A kobold (D:1)
  A rat (D:1)
14 creatures vanquished.

Notes
Turn   | Place    | Note
-------+----------+-------------------------------------------
     0 | D:1      | mtoz the Minotaur Fighter began the quest for the Orb.
     0 | D:1      | Reached XP level 1. HP: 19/19 MP: 0/0
   105 | D:1      | Reached XP level 2. HP: 27/27 MP: 1/1
   271 | D:1      | Succumbed to a kobold's poison

Illustrated notes

Levels and vault maps discovered:
D:1:      dpeg_arrival_ternary, layout_basic

Action                   || total
-------------------------++-------
Melee: War axe           ||    20
       Headbutt          ||     2
Armor: Scale mail        ||    13
Dodge: Dodged            ||     7
Block: Buckler           ||     1
